 Dungeon Crawl Stone Soup version 0.24-a0-29-g43a6aff (console) character file.

Game seed: 2617233504512093476

14 Duffy the Skirmisher (level 2, -2/28 HPs)
             Began as a Naga Fighter on Feb 2, 2019.
             Slain by an adder (3 damage)
             ... on level 2 of the Dungeon.
             The game lasted 00:00:32 (363 turns).

Duffy the Skirmisher (Naga Fighter)                  Turns: 363, Time: 00:00:33

Health: -2/28      AC:  6    Str: 18    XL:     2   Next: 45%
Magic:  2/2        EV:  1    Int: 13    God:
Gold:   6          SH:  8    Dex: 10    Spells: 1/1 levels left

rFire    . . .     SeeInvis +   a - +0 war axe
rCold    . . .     Gourm    .   c - +0 shield
rNeg     . . .     Faith    .   j - +0 plate armour
rPois    +         Spirit   .   (no helmet)
rElec    .         Reflect  .   (no cloak)
rCorr    .         Harm     .   (no gloves)
MR       .....                  (no barding)
Stlth    ..........             (no amulet)
HPRegen  0.09/turn              (no ring)
MPRegen  0.08/turn              (no ring)

@: brilliant, lethally poisoned (-2 -> -7), very slow
A: large, see invisible, deformed body, poison resistance, slowness 2, slow
metabolism 1, spit poison 1, AC +0
a: Spit Poison


You were on level 2 of the Dungeon.
You were not hungry.

You visited 1 branch of the dungeon, and saw 2 of its levels.

You collected 6 gold pieces.

Inventory:

Hand Weapons
 a - a +0 war axe (weapon)
Armour
 c - a +0 shield (worn)
 j - a +0 plate armour (worn)
Scrolls
 i - a scroll of fog {unknown}
Potions
 d - a potion of might
 h - a potion of haste {unknown}
Comestibles
 f - a ration


   Skills:
 - Level 3.0 Fighting
 + Level 2.5 Axes
 + Level 2.4 Armour
 + Level 2.7 Shields


You had one spell level left.
You didn't know any spells.
Your spell library was empty.

Dungeon Overview and Level Annotations

Branches:
Dungeon (2/15)

Altars:


Innate Abilities, Weirdness & Mutations

You cannot wear boots.
Your serpentine skin is tough. (AC +0)
You have supernaturally acute eyesight. (SInv)
Armour fits poorly on your strangely shaped body.
Your system is resistant to poisons. (rPois)
You cover ground very slowly.
You have a slow metabolism.
You can spit poison.


Message History

The rat is poisoned.
You kill the rat!
You feel slightly more hungry. The bat hits you. You block the adder's attack.
The goblin unwields a +0 dagger.
The goblin wields a cursed -1 hunting sling.
The goblin shoots a stone.
The stone hits you.
The hobgoblin hits you but does no damage.
The adder bites you.
You are lethally poisoned!
The adder poisons you! The hobgoblin hits you.
A goblin comes into view.
You have got your breath back.
You feel sick.
The goblin shouts!
You hear a shout!
A quokka comes into view.
A rat comes into view.
The adder bites you but does no damage.
It was a potion of brilliance.
You feel clever all of a sudden.
You feel sick. The adder bites you.
You die...

#. ..###.##
###.#####.#.....
............#.#
#....#<.....#
##....#..#####
#......g.#
#.#..##g##
.##.#..##b####
.......@Sgg..#
.##.##.####......
# #g ...... #.
..... #. ..... #r
.... .r ###. ..


You could see an adder, a quokka, a hobgoblin, 2 goblins, a bat and a rat.

Vanquished Creatures
  A giant cockroach (D:1)
  A goblin (D:1)
  4 jackals (D:1)
  4 kobolds (D:1)
  A bat (D:1)
  A frilled lizard (D:1)
  2 rats
14 creatures vanquished.

Notes
Turn   | Place    | Note
-------+----------+-------------------------------------------
     0 | D:1      | Duffy the Naga Fighter began the quest for the Orb.
     0 | D:1      | Reached XP level 1. HP: 21/21 MP: 1/1
   199 | D:1      | Reached XP level 2. HP: 22/28 MP: 2/2
   363 | D:2      | HP: 1/28 [poisoned by an adder]
   363 | D:2      | Slain by an adder

Vault maps used:
D:1:      dpeg_arrival_shelter
D:2:      first_ration

Action                   || total
-------------------------++-------
Melee: War axe           ||    35
 Abil: Spit Poison       ||     2
  Use: Potion            ||     1
Armor: Scale mail        ||    12
       Plate armour      ||    19
Dodge: Dodged            ||    11
Block: Shield            ||    26

Table legend:
 A = Non-vault XP
 B = Vault XP
 C = Vault XP percentage of total XP
 D = Non-vault monster count
 E = Vault monster count
 F = Vault count percentage of total count
                 A         B        C        D         E       F
            +---------+---------+-------+---------+---------+-------
      Total |      21 |       0 |   0.0 |      14 |       0 |   0.0
            +---------+---------+-------+---------+---------+-------
        D:1 |      20 |       0 |   0.0 |      13 |       0 |   0.0
        D:2 |       1 |       0 |   0.0 |       1 |       0 |   0.0
            +---------+---------+-------+---------+---------+-------
